 Dungeon Crawl Stone Soup version 0.29.1-debian-1-gc3f1650bb9 (webtiles) character file.

Game seed: 2371362039410621421

362 Newt the Trooper (level 6, 0/48 HPs)
             Began as a Demonspawn Gladiator on Sept 12, 2022.
             Slain by a gnoll
             ... wielding a +0 whip
              (4 damage)
             ... on level 5 of the Dungeon.
             The game lasted 00:05:49 (4718 turns).

Newt the Trooper (Demonspawn Gladiator)             Turns: 4718, Time: 00:05:49

Health: 0/48       AC:  4    Str: 16    XL:     6   Next: 39%
Magic:  6/6        EV: 15    Int: 13    God:
Gold:   496        SH:  0    Dex: 15    Spells: 5/5 levels left

rFire   . . .      SeeInvis +   C - +7 rapier of Okawaru's Approval {vorpal, *Noise rN+ Int+4}
rCold   . . .      Faith    .   (no shield)
rNeg    + . .      Spirit   .   b - +0 leather armour
rPois   .          Reflect  .   c - +0 helmet
rElec   .          Harm     .   (no cloak)
rCorr   +          Rampage  .   (no gloves)
Will    .....                   (no boots)
Stlth   ++........              (no amulet)
HPRegen 0.16/turn               q - ring of see invisible
MPRegen 0.20/turn               m - ring of resist corrosion

@: marked
A: hooves 1, repulsion field 1, magic regeneration, demonic magic 1
a: no special abilities


You were on level 5 of the Dungeon.
You visited 1 branch of the dungeon, and saw 6 of its levels.

You collected 496 gold pieces.

Inventory:

Hand Weapons
 a - a +0 rapier
 s - a +1 dagger of draining
 C - the +7 rapier of Okawaru's Approval (weapon) {vorpal, *Noise rN+ Int+4}
   (You acquired it on level 3 of the Dungeon)

   It inflicts extra damage upon your enemies.
   Int:       It affects your intelligence (+4).
   rN:        It protects you from negative energy.
   *Noise:    It may make noises in combat.
Missiles
 d - 3 throwing nets (quivered)
 e - a javelin
Armour
 b - a +0 leather armour (worn)
 c - a +0 helmet (worn)
 x - a +0 hat
Jewellery
 m - a ring of resist corrosion (right hand)
 q - a ring of see invisible (left hand)
Wands
 r - a wand of flame (4)
Scrolls
 f - 2 scrolls of identify
 h - a scroll of immolation
 j - a scroll of fear
 n - a scroll of teleportation
 u - a scroll of magic mapping
 y - 2 scrolls of butterflies
 z - a scroll of brand weapon
Potions
 g - 3 potions of curing
 i - 2 potions of flight {unknown}
 k - a potion of brilliance
 l - a potion of magic {unknown}
 o - a potion of mutation {unknown}
 p - 2 potions of might {unknown}
 v - a potion of invisibility {unknown}
 A - a potion of attraction {unknown}
 B - a potion of heal wounds {unknown}


   Skills:
 - Level 4.0 Fighting
 - Level 4.0 Short Blades
 - Level 1.7 Throwing
 + Level 1.6 Armour
 - Level 4.0 Dodging
 - Level 2.0 Stealth


You had 5 spell levels left.
You didn't know any spells.
Your spell library contained the following spells:

 Spells                   Type           Power      Damage    Failure   Level
 Beastly Appendage        Tmut           0%         N/A       36%         1
 Wereblood                Tmut           0%         N/A       50%         2
 Spider Form              Tmut/Pois      0%         N/A       75%         3
 Summon Guardian Golem    Hex/Summ       0%         N/A       75%         3
 Orb of Destruction       Conj           0%         9d5       100%        7
 Spellforged Servitor     Conj/Summ      0%         N/A       100%        7


Dungeon Overview and Level Annotations

Branches:
Dungeon (6/15)
 Temple: D:4-7

Altars:
Fedhas
Okawaru
Ru
Sif Muna
Wu Jian
Xom

Shops:
D:1 (


Innate Abilities, Weirdness & Mutations

You have large cloven feet.
You are surrounded by a mild repulsion field. (EV +2)
You regenerate magic rapidly.
Spells you cast may paralyse adjacent enemies.


Message History

You feel very sick.
There is a stone staircase leading down, spattered with blood here.
Unknown command.
You feel sick. The scorpion completely misses you. The worm bites you.
The gnoll hits you with a +0 flail.
* * * LOW HITPOINT WARNING * * *
The orc hits you with a +0 club.
* * * LOW HITPOINT WARNING * * *
The scorpion closely misses you.
You climb downwards.
You feel sick.
A jelly comes into view.
The gnoll closely misses you.
There is a stone staircase leading up, spattered with blood here.
Blink to where?
Press: ? - help, Dir - move target
Found 8 gold pieces and a robe.
As you read the scroll of blinking, it crumbles to dust.
You feel sick.
You feel sick.
You climb downwards.
You hear the sound of rushing water.
There is an entrance to a sewer on this level.
Hurry and find it before the portal rusts away!
A sourceless malevolence fills the Dungeon...
With a horrendous wail, an alarm goes off!
A sentinel's mark forms upon you.
You feel sick.
The orc shouts! x2; The orc wizard shouts!
The orc shouts!
You hear a shout! x2
You hear an angry hiss.
You hear an angry growl.
You hear a shout! x2
You hear an angry buzzing noise. x4
Found 30 gold pieces, 4 poisoned darts, a sapphire potion and a sling.
Found an escape hatch in the ceiling.
There is a stone staircase leading up here.
You feel better.
Unknown command.
The orc barely misses you.
You climb upwards.
The gnoll hits you with a +0 whip.
* * * LOW HITPOINT WARNING * * *
An ufetubus comes into view.
The gnoll hits you with a +0 whip.
You die...

...J.............
#...............#
###....?!.........
.$.......##.$...#
#.......##.....#
#.......##.....##..
#.....go#.sg.......
#...[w.ow.o@....#
#...............#
#...............#
#.................#
#.......g.....[.....
#...................
.....................
...###.5..............
... .##.......


You could see a worm, a scorpion, 3 gnolls, a dart slug, 3 orcs and an ufetubus.

Vanquished Creatures
  A phantom (D:4)
  A scorpion (D:5)
  2 orc wizards (D:3)
  5 gnolls
  5 adders
  An ufetubus (D:4)
  A worm (D:2)
  2 dart slugs
  7 orcs
  5 ball pythons
  7 endoplasms
  2 giant cockroaches
  6 goblins
  5 hobgoblins
  5 jackals
  5 kobolds
  A quokka (D:2)
  4 bats
  3 frilled lizards
  8 rats
76 creatures vanquished.

Vanquished Creatures (others)
  A plant (D:2)
1 creature vanquished.

Grand Total: 77 creatures vanquished

Notes
Turn   | Place    | Note
-------+----------+-------------------------------------------
     0 | D:1      | Newt the Demonspawn Gladiator began the quest for the Orb.
     0 | D:1      | Reached XP level 1. HP: 16/16 MP: 1/1
    32 | D:1      | Reached skill level 1 in Stealth
   219 | D:1      | Found Geenagra's Weapon Shoppe.
   231 | D:1      | Gained mutation: You have large cloven feet. [demonic
                  | ancestry]
   231 | D:1      | Reached XP level 2. HP: 10/22 MP: 2/2
  1376 | D:2      | Reached XP level 3. HP: 28/28 MP: 3/3
  1979 | D:3      | Gained mutation: Spells you cast may paralyse adjacent
                  | enemies. [demonic ancestry]
  1979 | D:3      | Reached XP level 4. HP: 37/37 MP: 4/4
  2169 | D:3      | Found a shimmering altar of Xom.
  2190 | D:3      | Identified the +2 short sword of Ygaiggaufe {antimagic,
                  | Will+}
  2320 | D:3      | Found a shimmering blue altar of Sif Muna.
  2444 | D:3      | Gained mutation: You regenerate magic rapidly. [demonic
                  | ancestry]
  2444 | D:3      | Reached XP level 5. HP: 9/42 MP: 5/5
  3102 | D:3      | Found a sacrificial altar of Ru.
  3177 | D:3      | Found a blossoming altar of Fedhas.
  3324 | D:3      | Identified 2 scrolls of acquirement
  3324 | D:3      | Acquired the +7 rapier of Okawaru's Approval {vorpal,
                  | *Noise rN+ Int+4}
  3327 | D:3      | Acquired 255 gold pieces
  3792 | D:4      | Found an iron altar of Okawaru.
  3798 | D:4      | Found an ornate altar of the Wu Jian Council.
  3961 | D:5      | Entered Level 5 of the Dungeon
  3973 | D:5      | Gained mutation: You are surrounded by a mild repulsion
                  | field. (EV +2) [demonic ancestry]
  3973 | D:5      | Reached XP level 6. HP: 15/48 MP: 6/6
  4392 | D:4      | Reached skill level 1 in Armour
  4718 | D:5      | Slain by a gnoll

Illustrated notes

Levels and vault maps discovered:
D:1:      lightli_arrival_lavapool, layout_loops_ring, serial_shops, shop,
          st_stairs_12, nrook_mini_backslash
D:2:      layout_basic, chequers_serial_rivers_small_a, serial_bayou_pond_c,
          minmay_door_square
D:3:      layout_rooms, mainiacjoe_overflow_24_doors, fedhas_altar_4,
          kennysheep_orc_sif_temple, nicolae_ru_path_of_blood,
          corexii_corridor_pit
D:4:      layout_rooms, minmay_overflow_temple_star_quad
D:5:      layout_rooms, evilmike_ruin_ashenzari, uniq_ijyb
D:6:      layout_loops_ring, elyvilon_altar_4, old_standard_altar,
          minmay_temple_entry_poolview, portal_sewer_entry_f, uniq_maggie,
          uniq_duvessa

Skill      XL: |  1  2  3  4  5  6 |
---------------+-------------------+-----
Stealth        | 1 2 |  2.0
Fighting       | 3 4 |  4.0
Short Blades   | 3 4 |  4.0
Dodging        | 3 4 |  4.0
Armour         | 1 |  1.6
Throwing       | |  1.7

Action                   |  1- 3 |  4- 6 || total
-------------------------+-------+-------++-------
Melee: Rapier            |    83 |    51 ||   134
       Kick              |    14 |    23 ||    37
       Dagger            |    13 |    44 ||    57
       Punch             |       |     1 ||     1
Throw: Javelin           |       |     1 ||     1
Evoke: Wand              |       |     6 ||     6
  Use: Scroll            |       |    10 ||    10
       Potion            |       |     3 ||     3
 Stab: Sleeping          |     8 |     4 ||    12
Armor: Leather armour    |    35 |    26 ||    61
Dodge: Dodged            |    57 |    64 ||   121
